AoeStats
← [GG] Shevchenko 7

Arena

510232364Analyzed
2v2 RM · 3d ago on Sep 30, 2026· 16m 17s· 4 players
Game mode
Random Map
Map size
Medium (4 player)
Population
200
Speed
Normal
Resources
Standard
Victory
Conquest
Starting age
Dark Age
Ending age
Imperial Age
RankedLock teamsTeams togetherTeam positionsShared explorationLock speedFull tech treeHidden civsTurbo modeCheats
Victory
Defeat
🇧🇷 Malians · Brazil
1002
+14
🇧🇷 Teutons · Brazil
975
+15
🇺🇸 Bulgarians · United States
960
-44
🇵🇪 Franks · Peru
937
-14
Sovy3820
6:52 Loom
12:21 Feudal Age
demenex
2:34 Loom
10:41 Feudal Age
12:06 Wheelbarrow
11:19 Double-Bit Axe
11:31 Gold Mining
17:20 Castle Age
[GG] Shevchenko 7
9:57 Feudal Age
9:01 Loom
12:05 Town Watch
15:10 Castle Age
14:56 Double-Bit Axe
[GG] Trezeguet
9:50 Feudal Age
11:27 Loom
14:59 Castle Age
13:22 Double-Bit Axe
14:06 Horse Collar
Connection lost

Rejoining the realm…

Still unreachable

The connection could not be restored.

Session expired

The server has moved on; the page needs a fresh start.